 Dungeon Crawl Stone Soup version 0.17.1-2-g5865329 (webtiles) character file.

151 Jerry the Shield-Bearer (level 5, -1/36 HPs)
             Began as an Octopode Fighter on Jan 27, 2016.
             Slain by an orc wizard
             ... wielding a +0 dagger
              (2 damage)
             ... on level 2 of the Dungeon on Jan 28, 2016.
             The game lasted 00:07:31 (1409 turns).

Jerry the Shield-Bearer (Octopode Fighter)          Turns: 1409, Time: 00:07:31

Health: -1/36      AC:  1    Str: 15    XL:     5   Next: 33%
Magic:  5/5        EV: 13    Int: 11    God:
Gold:   31         SH:  9    Dex: 12    Spells: 0 memorised, 4 levels left

rFire  . . .     SeeInvis .     a - +0 long sword
rCold  . . .     Clarity  .     b - +0 shield
rNeg   . . .     SustAt   .     (helmet restricted)
rPois  .         Gourm    .     (no amulet)
rElec  .         Spirit   .     k - +2 ring of evasion
rCorr  .         Warding  .     (no ring)
rMut   .         Stasis   .     (no ring)
MR     .....                    (no ring)
Stlth  +++.......               (no ring)
                                (no ring)
                                (no ring)
                                (no ring)

@: not resistant to hostile enchantments, fairly stealthy
A: almost no armour, amphibious, 8 rings, constrict 8, camouflage 1, gelatinous
body 1
a: no special abilities


You were on level 2 of the Dungeon.
You were hungry.

You visited 1 branch of the dungeon, and saw 3 of its levels.

You collected 31 gold pieces.

Inventory:

Hand Weapons
 a - a +0 long sword (weapon)
Missiles
 p - 14 sling bullets (quivered)
Armour
 b - a +0 shield (worn)
Jewellery
 k - a +2 ring of evasion (left tentacle)
Wands
 u - a wand of polymorph (7)
Scrolls
 f - 2 scrolls of teleportation {unknown}
 g - 2 scrolls of magic mapping {unknown}
 j - 2 scrolls of enchant weapon {unknown}
 m - a scroll of recharging {unknown}
 n - a scroll of blinking {unknown}
 o - a scroll of identify {unknown}
 t - 2 scrolls of random uselessness {unknown}
Potions
 c - a potion of might
 e - a potion of mutation {unknown}
 h - a potion of curing
 l - a potion of heal wounds {unknown}
 r - a potion of haste {unknown}
 s - a potion of degeneration {unknown}
Comestibles
 d - a bread ration
 i - 2 slices of pizza
 q - 2 fruits


   Skills:
 - Level 3.4 Fighting
 + Level 3.3 Long Blades
 - Level 3.5 Dodging
 - Level 1.9 Stealth
 + Level 4.1 Shields


You had 4 spell levels left.
You didn't know any spells.

Dungeon Overview and Level Annotations

Branches:
Dungeon (3/15)

Altars:
Ashenzari
Elyvilon
Fedhas
Kikubaaqudgha


Innate Abilities, Weirdness & Mutations

You cannot wear most types of armour.
You are amphibious.
You can wear up to eight rings at the same time.
You can use your tentacles to constrict eight enemies at once.
Your skin changes colour to match your surroundings (Stealth).
Your rubbery body absorbs attacks (AC +1).


Message History

There is a stone staircase leading up, spattered with blood here.
You start resting.
Something hits you but does no damage.
You can't go down here!
You hear some strange, mumbled words.
A puff of flame appears from out of thin air!
Helpless, you fail to dodge the puff of flame.
You climb upwards.
There is a stone staircase leading down here.
You closely miss something. Something hits you.
* * * LOW HITPOINT WARNING * * *
You closely miss something. Your squeeze misses something. Something hits you.
* * * LOW HITPOINT WARNING * * *
You closely miss something. Something hits you.
* * * LOW HITPOINT WARNING * * *
You block its attack.
You barely miss something. Something barely misses you.
You barely miss something. Something hits you.
* * * LOW HITPOINT WARNING * * *
You miss something. Something hits you.
You die...

###..# #..######.#.# #
#..######.<######...#
###.....(((......##..##
.....#.......###.##..#
###..#..###..# #.##..# ###
###..##.###.)###.##..# ##.##
......._..#..........####...##
#.....#.#......)){...........#
#.##.##...####..@........(..##
#.##.###### #.#####.###.#.##
#.##.# #.# #.# #.#.#
#.##.#########.# #.# #.#.#
#..............#####.# #...#
...#.#########.......# ###.#
###..#########.###########.# #
#............# #.....#
###...########## #.###.#


There were no monsters in sight!

Vanquished Creatures
  2 orc priests (D:2)
  Ijyb (D:3)
  2 adders (D:2)
  2 worms (D:2)
  A giant gecko (D:1)
  An orc (D:2)
  5 bats
  A giant cockroach (D:2)
  7 goblins
  4 hobgoblins
  6 jackals
  A ball python (D:1)
  A giant newt (D:1)
  4 kobolds
  4 rats
42 creatures vanquished.

Notes
Turn   | Place    | Note
--------------------------------------------------------------
     0 | D:1      | Jerry the Octopode Fighter began the quest for the Orb.
     0 | D:1      | Reached XP level 1. HP: 16/16 MP: 1/1
   162 | D:1      | Reached XP level 2. HP: 14/21 MP: 2/2
   349 | D:1      | Reached skill level 1 in Stealth
   591 | D:1      | Reached XP level 3. HP: 22/26 MP: 3/3
   703 | D:2      | Found a shattered altar of Ashenzari.
   809 | D:2      | Found a blossoming altar of Fedhas.
   855 | D:2      | Reached XP level 4. HP: 31/31 MP: 4/4
  1102 | D:2      | Found a white marble altar of Elyvilon.
  1104 | D:2      | Found an ancient bone altar of Kikubaaqudgha.
  1384 | D:3      | Noticed Ijyb
  1390 | D:2      | Reached XP level 5. HP: 32/36 MP: 5/5
  1391 | D:2      | Reached skill level 4 in Shields
  1398 | D:3      | Killed Ijyb
  1408 | D:2      | HP: 1/36 [something (2)]
  1409 | D:2      | Slain by an orc wizard

Action                   |  1- 3 |  4- 6 || total
-------------------------+-------+-------++-------
Melee: Long sword        |    62 |    22 ||    84
 Stab: Sleeping          |     6 |     1 ||     7
       Distracted        |     1 |       ||     1
  Eat: Chunk             |       |     1 ||     1
